 Dungeon Crawl Stone Soup version 0.27.1-1-g398f81649c (webtiles) character file.

Game seed: 8089470712124143771

56 safid the Skirmisher (level 3, 0/33 HPs)
             Began as a Hill Orc Fighter on Sept 17, 2021.
             Succumbed to a gnoll's poison
             ... on level 2 of the Dungeon.
             The game lasted 00:03:24 (1502 turns).

safid the Skirmisher (Hill Orc Fighter)             Turns: 1502, Time: 00:03:24

Health: 0/33       AC:  7    Str: 19    XL:     3   Next: 97%
Magic:  3/3        EV:  7    Int:  8    God:
Gold:   45         SH:  9    Dex: 10    Spells: 2/2 levels left

rFire    + . .     SeeInvis .   a - +0 war axe
rCold    . . .     Faith    .   c - +0 kite shield
rNeg     . . .     Spirit   .   b - +0 scale mail
rPois    .         Reflect  .   (no helmet)
rElec    .         Harm     .   (no cloak)
rCorr    .         Rampage  .   (no gloves)
Will     .....                  (no boots)
Stlth    ..........             (no amulet)
HPRegen  0.11/turn              h - ring of protection from fire
MPRegen  0.08/turn              (no ring)

@: lethally poisoned (0 -> -2), about to teleport
A: no striking features
a: no special abilities


You were on level 2 of the Dungeon.
You visited 1 branch of the dungeon, and saw 2 of its levels.

You collected 45 gold pieces.

Inventory:

Hand Weapons
 a - a +0 war axe (weapon)
Missiles
 f - 5 stones (quivered)
Armour
 b - a +0 scale mail (worn)
 c - a +0 kite shield (worn)
Jewellery
 h - a ring of protection from fire (left hand)
 j - an amulet of faith
Scrolls
 i - a scroll of enchant armour {unknown}
Potions
 d - a potion of might


   Skills:
 + Level 4.1 Fighting
 + Level 3.5 Axes
 + Level 4.0 Armour
 + Level 3.8 Shields


You had 2 spell levels left.
You didn't know any spells.
Your spell library contained the following spells:

 Spells                   Type           Power      Damage    Failure   Level
 Spider Form              Tmut/Pois      0%         N/A       100%        3
 Statue Form              Tmut/Erth      0%         N/A       100%        6
 Dragon Form              Tmut           0%         N/A       100%        7


Dungeon Overview and Level Annotations

Branches:
Dungeon (2/15)

Altars:

Shops:
D:1 *


Message History

The gnoll is moderately wounded.
You block the gnoll's attack.
The gnoll hits you from afar with a +0 spear!
You closely miss the gnoll.
The gnoll is moderately wounded.
The gnoll hits you with a +0 flail! The gnoll barely misses you.
You hit the gnoll.
The gnoll is moderately wounded.
The gnoll barely misses you. The gnoll closely misses you.
The gnoll hits you with a +0 flail.
The gnoll hits you from afar with a +0 spear.
* * * LOW HITPOINT WARNING * * *
You hit the gnoll.
The gnoll is moderately wounded.
The gnoll barely misses you.
The gnoll hits you from afar with a +0 spear.
* * * LOW HITPOINT WARNING * * *
You slash the gnoll!
You kill the gnoll!
The gnoll barely misses you.
The gnoll hits you from afar with a +0 spear.
* * * LOW HITPOINT WARNING * * *
Your Armour skill increases to level 4!
The gnoll throws a poisoned dart.
The poisoned dart barely misses you.
The gnoll throws a poisoned dart.
You block the poisoned dart.
The gnoll throws a poisoned dart.
The poisoned dart hits you.
You are lethally poisoned!
Okay, then.
As you read the scroll labelled SAIRAO LOIS, it crumbles to dust.
You assume a fearsome visage.
The gnoll looks frightened!
It was a scroll of fear.
* * * LOW HITPOINT WARNING * * *
You feel sick.
As you read the scroll labelled HAEHUW DEJUS, it crumbles to dust.
You feel strangely unstable.
It was a scroll of teleportation.
* * * LOW HITPOINT WARNING * * *
You feel sick.
There is a lethal amount of poison in your body!
Okay, then.
You die...

#.# #.# #.# #.#
#.# #.#
#.#############
#.............#
..g .
#############@#
g.# .# #.#
..#..# #.#
..#..# #.# ....
#.# ##..#
#.#######.(.#
#...)((...#
#########...#
###.#


There were no monsters in sight!

Vanquished Creatures
  2 gnolls
  A worm (D:2)
  A dart slug (D:1)
  4 endoplasms
  2 giant cockroaches (D:1)
  4 goblins (D:1)
  5 hobgoblins (D:1)
  4 kobolds
  2 ball pythons (D:1)
  2 bats (D:1)
  2 rats (D:1)
29 creatures vanquished.

Notes
Turn   | Place    | Note
-------+----------+-------------------------------------------
     0 | D:1      | safid the Hill Orc Fighter began the quest for the Orb.
     0 | D:1      | Reached XP level 1. HP: 19/19 MP: 1/1
   245 | D:1      | Reached XP level 2. HP: 27/27 MP: 2/2
   419 | D:1      | Got the Disquisition on Changing
   434 | D:1      | Reached XP level 3. HP: 33/33 MP: 3/3
  1089 | D:1      | Found Mabba's Assorted Antiques.
  1501 | D:2      | HP: 1/33 [poisoned by a gnoll]
  1502 | D:2      | Succumbed to a gnoll's poison

Illustrated notes

Levels and vault maps discovered:
D:1:      dpeg_arrival_leaves_temple_mockup, layout_loops_corners, serial_shops,
          shop, st_stairs_2
D:2:      layout_loops_ring

Skill      XL: |  1  2  3 |
---------------+----------+-----
Axes           | 3 |  3.5
Fighting       | 4 |  4.1
Armour         | 4 |  4.0
Shields        | |  3.8

Action                   || total
-------------------------++-------
Melee: War axe           ||    77
Throw: Stone             ||     4
  Use: Scroll            ||     2
Armor: Scale mail        ||    29
Dodge: Dodged            ||    27
Block: Kite shield       ||    36
